 Dungeon Crawl Stone Soup version 0.27-a0-1105-g946c659c87 (webtiles) character file.

Game seed: 4633844908027409749

632 kae the Fighter (level 7, -2/69 HPs)
             Began as a Hill Orc Fighter on Apr 29, 2021.
             Slain by an ufetubus (4 damage)
             ... on level 4 of the Dungeon.
             The game lasted 00:02:30 (4228 turns).

kae the Fighter (Hill Orc Fighter)                  Turns: 4228, Time: 00:02:31

Health: -2/69      AC: -8    Str: 20 (21) XL:     7   Next: 49%
Magic:  0/7        EV:  7    Int:  5 (8)  God:
Gold:   184        SH:  9    Dex:  8 (10) Spells: 6/6 levels left

rFire    . . .     SeeInvis .   a - +0 war axe
rCold    . . .     Faith    .   c - +0 kite shield
rNeg     . . .     Spirit   +   b - +0 scale mail
rPois    .         Reflect  .   (no helmet)
rElec    .         Harm     .   j - scarf {+Inv}
rCorr    .         Rampage  .   (no gloves)
Will     .....                  (no boots)
Stlth    ..........             g - amulet of guardian spirit
HPRegen  0.21/turn              (no ring)
MPRegen  0.10/turn              (no ring)

@: corroded, studying Fighting
A: no striking features
a: Evoke Invisibility


You were on level 4 of the Dungeon.
You visited 1 branch of the dungeon, and saw 4 of its levels.

You collected 184 gold pieces.

Inventory:

Hand Weapons
 a - a +0 war axe (weapon)
Armour
 b - a +0 scale mail (worn)
 c - a +0 kite shield (worn)
 j - a scarf of invisibility (worn)
Jewellery
 g - an amulet of guardian spirit (around neck)
Wands
 d - a wand of iceblast (3)
Scrolls
 e - a scroll of enchant weapon {unknown}
 m - a scroll of teleportation
Potions
 f - a potion of cancellation
 i - a potion of heal wounds {unknown}
 k - a potion of lignification {unknown}


   Skills:
 * Level 8.7 Fighting
 * Level 7.1 Axes
 - Level 4.0 Armour
 - Level 3.2 Shields
 + Level 2.8 Evocations


You had 6 spell levels left.
You didn't know any spells.
Your spell library contained the following spells:

 Spells                   Type           Power      Damage    Failure   Level
 Animate Skeleton         Necr           0%         N/A       100%        1
 Magic Dart               Conj           0%         1d3       100%        1
 Pain                     Necr           0%         1d4       100%        1
 Summon Small Mammal      Summ           0%         N/A       100%        1
 Blink                    Tloc           N/A        N/A       100%        2
 Call Imp                 Summ           0%         N/A       100%        2
 Slow                     Hex            0%         N/A       100%        2
 Call Canine Familiar     Summ           0%         N/A       100%        3
 Conjure Flame            Conj/Fire      0%         6-21      100%        3
 Mephitic Cloud           Conj/Pois/Air  0%         N/A       100%        3
 Summon Guardian Golem    Hex/Summ       0%         N/A       100%        3
 Vampiric Draining        Necr           0%         2d6       100%        3
 Animate Dead             Necr           0%         N/A       100%        4
 Summon Ice Beast         Ice/Summ       0%         N/A       100%        4
 Summon Lightning Spire   Summ/Air       0%         N/A       100%        4
 Agony                    Necr           0%         N/A       100%        5


Dungeon Overview and Level Annotations

Branches:
Dungeon (4/15)
 Temple: D:4-7

Altars:
Uskayaw


Message History

The jelly is moderately wounded.
You closely miss the ufetubus. The ufetubus hits you.
You block the ufetubus's attack. x3; You block the jelly's attack.
You hit the jelly but do no damage.
Your hands burn!
The jelly is moderately wounded.
You completely miss the ufetubus. The ufetubus barely misses you.
The ufetubus hits you. The jelly barely misses you.
You block the ufetubus's attack. The ufetubus hits you. The jelly hits you.
The acid corrodes you!
You are splashed with acid!
* * * LOW HITPOINT WARNING * * *
The ufetubus hits you.
* * * LOW HITPOINT WARNING * * *
The ufetubus hits you.
* * * LOW HITPOINT WARNING * * *
You hit the jelly. The acid corrodes you!
Your hands burn!
* * * LOW HITPOINT WARNING * * *
The jelly is severely wounded.
You hit the ufetubus but do no damage. You block the ufetubus's attack.
The ufetubus closely misses you. You block the jelly's attack.
The ufetubus hits you.
* * * LOW HITPOINT WARNING * * *
The ufetubus barely misses you.
Unknown command.
You block the jelly's attack. You block the ufetubus's attack.
The ufetubus hits you.
* * * LOW HITPOINT WARNING * * *
The ufetubus hits you.
* * * LOW HITPOINT WARNING * * *
The ufetubus misses you.
It was a potion of degeneration.
There was something very wrong with that liquid.
You feel weakened.
You feel dopey.
You feel clumsy. You block the ufetubus's attack. The ufetubus hits you.
* * * LOW HITPOINT WARNING * * *
You feel better. The ufetubus hits you.
* * * LOW HITPOINT WARNING * * *
You block the ufetubus's attack. The ufetubus hits you.
* * * LOW HITPOINT WARNING * * *
The ufetubus hits you.
You die...

#........# #........#
#........# #).†.....#
#........####
############............
.........)..............
..##########.........##
#.# #^.###@#.### #.#####
#.## #5#.# # ......# #.
###J#.#?.). ......# #.
#..........
......#####.#.#.#.#.....
...............)..# ####
......#####.#>#.#.#
....................
###########.# #.##..#


You could see a jelly and an ufetubus.

Vanquished Creatures
  Grinder (D:3)
  A black bear (D:4)
  A scorpion (D:4)
  Ijyb (D:3)
  Natasha (thrice) (D:3)
  2 orc wizards
  Robin (D:3)
  2 adders
  2 worms
  3 dart slugs
  7 orcs
  7 endoplasms
  A giant cockroach (D:2)
  27 goblins
  10 hobgoblins
  13 jackals
  4 quokkas
  5 ball pythons
  4 bats
  4 frilled lizards
  4 kobolds
  7 rats
110 creatures vanquished.

Notes
Turn   | Place    | Note
-------+----------+-------------------------------------------
     0 | D:1      | kae the Hill Orc Fighter began the quest for the Orb.
     0 | D:1      | Reached XP level 1. HP: 19/19 MP: 1/1
   487 | D:1      | Reached XP level 2. HP: 27/27 MP: 2/2
  1009 | D:1      | Reached skill level 4 in Fighting
  1009 | D:1      | Reached XP level 3. HP: 33/33 MP: 3/3
  1120 | D:1      | Identified a scroll of acquirement
  1120 | D:1      | Acquired a manual of Fighting
  1148 | D:2      | Found a faded altar of an unknown god.
  1178 | D:2      | Found a hide-covered altar of Uskayaw.
  1541 | D:2      | Reached XP level 4. HP: 34/41 MP: 4/4
  2204 | D:2      | Reached skill level 5 in Fighting
  2610 | D:3      | Reached XP level 5. HP: 48/48 MP: 5/5
  2627 | D:3      | Reached skill level 1 in Evocations
  2656 | D:3      | Noticed Robin
  2664 | D:3      | Reached skill level 5 in Axes
  2676 | D:3      | Killed Robin
  2831 | D:3      | Noticed Natasha
  2839 | D:3      | Killed Natasha
  2840 | D:3      | Reached skill level 6 in Fighting
  2966 | D:3      | Noticed Natasha
  2982 | D:3      | Killed Natasha
  3143 | D:3      | Noticed Grinder
  3160 | D:3      | Killed Grinder
  3161 | D:3      | Reached skill level 7 in Fighting
  3161 | D:3      | Reached XP level 6. HP: 27/60 MP: 2/6
  3537 | D:3      | Noticed Natasha
  3547 | D:3      | Killed Natasha
  3571 | D:3      | Reached XP level 7. HP: 62/67 MP: 7/7
  3606 | D:3      | Noticed Ijyb
  3618 | D:3      | Killed Ijyb
  3890 | D:4      | Reached skill level 8 in Fighting
  4227 | D:4      | HP: 3/69 [ufetubus (3)]
  4228 | D:4      | Slain by an ufetubus

Illustrated notes

Levels and vault maps discovered:
D:1:      scummos_arrival_forest, layout_loops_corners
D:2:      layout_rooms, ebering_ecumenical_altar_webs, basic_altar
D:3:      kennysheep_goblin_castle, layout_rooms, uniq_grinder, uniq_robin,
          uniq_natasha
D:4:      kennysheep_big_flooded_room, layout_rooms, jmf_multi_god_temple,
          serial_shops, shop_scrolls, st_stairs_8

Skill      XL: |  1  2  3  4  5  6  7 |
---------------+----------------------+-----
Axes           | 3 4 6 7 |  7.1
Fighting       | 4 5 7 8 |  8.7
Armour         | 4 |  4.0
Evocations     | 2 |  2.8
Shields        | |  3.2

Action                   |  1- 3 |  4- 6 |  7- 9 || total
-------------------------+-------+-------+-------++-------
Melee: War axe           |    91 |   142 |    54 ||   287
  Use: Scroll            |     1 |     2 |     3 ||     6
       Potion            |       |     2 |     3 ||     5
Armor: Scale mail        |    39 |   108 |    26 ||   173
Dodge: Dodged            |    19 |    69 |    31 ||   119
Block: Kite shield       |    44 |    88 |    36 ||   168

Table legend: (Time is in decaauts)
 A = Elapsed time spent in this place.
 B = Non-inter-level travel time spent in this place.
 C = Inter-level travel time spent in this place.
 D = Time resting spent in this place.
 E = Time spent auto-exploring this place.
 F = Levels seen in this place.
 G = Mean time per level.
                   A        B        C        D        E       F      G
               +--------+--------+--------+--------+--------+-----+--------+
         Total |   4367 |   4318 |     49 |    621 |   2886 |   4 | 1091.8 |
       Dungeon |   4367 |   4318 |     49 |    621 |   2886 |   4 | 1091.8 |
               +--------+--------+--------+--------+--------+-----+--------+

Top non-repeatable levels by time:
     D:2: 1465 daAuts
     D:3: 1354 daAuts
     D:1: 1171 daAuts
     D:4: 377 daAuts
